[Event "Titled Tuesday Blitz May 03 Early 2022"]
[White "Li, Hui"]
[Black "Dilmukhametov, Artur"]
[WhiteFideId "15400310"]
[BlackFideId "24179922"]
[WhiteElo "1954"]
[BlackElo "2244"]
[Result "1-0"]
[Round "11"]
[TimeControl "180+1"]
[Date "2022.05.03"]
[WhiteClock "0:00:05"]
[BlackClock "0:00:01"]

1. e4 e6 2. d4 d5 3. Nd2 Nf6 4. e5 Nfd7 5. Bd3 c5 6. c3 Nc6 7. Ne2 Qb6 8. Nf3 Be7 9. O-O O-O 10. a3 f6 11. exf6 Nxf6 12. b4 cxd4 13. cxd4 Bd6 14. Bf4 Bxf4 15. Nxf4 Kh8 16. Ne2 a6 17. Rc1 Bd7 18. Qd2 Rae8 19. Qb2 Ng4 20. Ng3 e5 21. dxe5 Ngxe5 22. Nxe5 Nxe5 23. Be2 Bg4 24. Bxg4 Nxg4 25. Qd2 Rf7 26. h3 Nh6 27. Qxd5 Ref8 28. Qc5 Qf6 29. Qc3 Qxc3 30. Rxc3 b5 31. Rc6 Rf6 32. Rxf6 Rxf6 33. Rc1 g6 34. f3 Kg7 35. Ne4 Re6 36. Rc7+ Kg8 37. Kf2 Nf7 38. Rc8+ Kg7 39. Rc7 h5 40. Ng5 Rf6 41. Nxf7 Rxf7 42. Rxf7+ Kxf7 43. Ke3 Ke6 44. g3 Ke5 45. f4+ Kf5 46. Kf3 g5 47. g4+ hxg4+ 48. hxg4+ Kg6 49. f5+ Kf6 50. Ke4 Kg7 51. Ke5 1-0


[Site "https://www.chess.com"]

[Event "Titled Tuesday Blitz May 03 Early 2022"]
[White "Lopez, Henry"]
[Black "Vignesh, N R"]
[WhiteFideId "5203830"]
[BlackFideId "25012215"]
[WhiteElo "2177"]
[BlackElo "2363"]
[Result "1-0"]
[Round "11"]
[TimeControl "180+1"]
[Date "2022.05.03"]
[WhiteClock "0:00:13"]
[BlackClock "0:00:17"]

1. d4 Nf6 2. Nf3 d5 3. c4 c6 4. Nc3 e6 5. Bg5 h6 6. Bh4 dxc4 7. e4 g5 8. Bg3 b5 9. Be2 Nbd7 10. d5 exd5 11. exd5 Bb7 12. d6 Bg7 13. Nd4 O-O 14. Nf5 Re8 15. Ne7+ Rxe7 16. dxe7 Qxe7 17. O-O Nb6 18. Bf3 Rd8 19. Qc2 Nfd5 20. Rfe1 Qb4 21. Nxd5 cxd5 22. Be5 Bxe5 23. Rxe5 Qd6 24. Rae1 Bc6 25. h4 Nd7 26. Re7 Nf8 27. hxg5 hxg5 28. Bh5 Rd7 29. Bxf7+ Kg7 30. R7e6 Qf4 31. Bh5 Rc7 32. g3 Qd4 33. Qf5 Nxe6 34. Rxe6 Bd7 35. Qxg5+ Kf8 36. Qe7+ Kg8 37. Rg6+ Kh8 38. Qf8+ Kh7 39. Qg8# 1-0


[Site "https://www.chess.com"]

[Event "Titled Tuesday Blitz May 03 Early 2022"]
[White "Lorparizangeneh, Shahin"]
[Black "Kozak, Antoni"]
[WhiteFideId "12521604"]
[BlackFideId "21832030"]
[WhiteElo "2525"]
[BlackElo "2236"]
[Result "1-0"]
[Round "11"]
[TimeControl "180+1"]
[Date "2022.05.03"]
[WhiteClock "0:00:14"]
[BlackClock "0:00:01"]

1. e4 c6 2. d4 d5 3. exd5 cxd5 4. Nf3 Nc6 5. h3 Bf5 6. c4 e6 7. Nc3 Nf6 8. Qb3 Bb4 9. c5 O-O 10. Bb5 Ba5 11. O-O Bc7 12. Qa4 Ne7 13. Re1 Ne4 14. Nh4 Nxc3 15. bxc3 a6 16. Nxf5 Nxf5 17. Bd3 Ne7 18. Bg5 h6 19. Bd2 b6 20. cxb6 Bxb6 21. Rab1 Nc8 22. Qd1 Bc7 23. Qg4 Kh8 24. Qh5 Kg8 25. Bxh6 gxh6 26. Qxh6 f5 27. Qg6+ Kh8 28. Qh6+ Kg8 29. Rxe6 Ne7 30. Qg5+ Kf7 31. Rbe1 Bd6 32. Qh5+ Kg7 33. Qh6+ Kf7 34. Bxf5 Rg8 35. Rxd6 Nxf5 36. Qh5+ Kg7 37. Rxd8 1-0


[Site "https://www.chess.com"]

[Event "Titled Tuesday Blitz May 03 Early 2022"]
[White "Manukian, Artak"]
[Black "Nozdrachev, Leonid"]
[WhiteFideId "13301373"]
[BlackFideId "24113433"]
[WhiteElo "2361"]
[BlackElo "2242"]
[Result "1-0"]
[Round "11"]
[TimeControl "180+1"]
[Date "2022.05.03"]
[WhiteClock "0:00:15"]
[BlackClock "0:01:13"]

1. e4 d6 2. d4 Nf6 3. f3 e5 4. d5 Nxe4 5. fxe4 Qh4+ 6. Kd2 Qxe4 7. Nc3 Qg6 8. Nf3 Be7 9. Qe2 Bg4 10. h3 Bf5 11. Kd1 h5 12. Qb5+ Nd7 13. Qxb7 Rb8 14. Qxc7 O-O 15. Bd3 Bxd3 16. cxd3 Qxg2 17. Qxd7 Qxf3+ 18. Kc2 Qxh1 19. Qxe7 Qg2+ 20. Kb1 Qxh3 21. a4 Qxd3+ 22. Ka2 Qc4+ 23. Kb1 Qxc3 24. Qxd6 Qd3+ 25. Ka2 Qb3+ 26. Kb1 e4 27. Ra3 Qb6 28. Qe5 Rfe8 29. Qxh5 e3 30. Qe2 Qg6+ 31. Ka2 Qd6 32. Rd3 Qa6 33. Qc2 Qxd3 34. Qxd3 e2 35. Bd2 e1=Q 36. Bxe1 Rxe1 37. Qd4 Re7 38. b4 Rd7 39. Kb3 a5 40. b5 Rbd8 41. Kc4 Rc8+ 42. Kd3 Rc1 43. Kd2 Rb1 44. Qc5 Rd8 45. d6 Rb4 46. b6 Rb8 47. d7 R4xb6 48. Qxb6 Rxb6 49. d8=Q+ 1-0


[Site "https://www.chess.com"]

[Event "Titled Tuesday Blitz May 03 Early 2022"]
[White "Martin Carmona, Gaston Manuel"]
[Black "Lauridsen, Jesper Morch"]
[WhiteFideId "22284567"]
[BlackFideId "1401890"]
[WhiteElo "2146"]
[BlackElo "2248"]
[Result "1-0"]
[Round "11"]
[TimeControl "180+1"]
[Date "2022.05.03"]
[WhiteClock "0:00:34"]
[BlackClock "0:00:02"]

1. d4 Nf6 2. c4 c5 3. d5 e6 4. Nc3 exd5 5. cxd5 d6 6. e4 g6 7. f4 Bg7 8. Bb5+ Nfd7 9. a4 Qh4+ 10. g3 Qd8 11. Nf3 O-O 12. O-O Nf6 13. Kg2 a6 14. Be2 Qd7 15. e5 Qh3+ 16. Kg1 Ng4 17. Ne4 dxe5 18. Neg5 Qh5 19. h3 exf4 20. hxg4 Bxg4 21. Bxf4 h6 22. Ne4 Re8 23. Nd6 Rxe2 24. Qxe2 Bd4+ 25. Be3 Nd7 26. Bxd4 cxd4 27. Rad1 Bh3 28. Nxd4 Qxd5 29. Qf3 Qxd6 30. Qxf7+ Kh8 31. Qf4 Qd5 32. Rf2 g5 33. Qf3 Qxf3 34. Nxf3 Nc5 35. Ne5 Nxa4 36. Rf7 Be6 37. Re7 Bb3 38. Rdd7 Rf8 39. Rh7+ Kg8 40. Rdg7# 1-0


[Site "https://www.chess.com"]

[Event "Titled Tuesday Blitz May 03 Early 2022"]
[White "Matveeva, Olga"]
[Black "Cramling Bellon, Anna"]
[WhiteFideId "24107018"]
[BlackFideId "32009232"]
[WhiteElo "2083"]
[BlackElo "1905"]
[Result "1-0"]
[Round "11"]
[TimeControl "180+1"]
[Date "2022.05.03"]
[WhiteClock "0:00:15"]
[BlackClock "0:00:01"]

1. d4 Nf6 2. c4 e6 3. g3 d5 4. Nf3 Bb4+ 5. Bd2 Bd6 6. Nc3 c6 7. Bg5 Nbd7 8. e4 dxe4 9. Nxe4 Bb4+ 10. Nc3 Qa5 11. Bd2 O-O 12. Bg2 Nb6 13. Ne5 Qa6 14. Qe2 Rd8 15. Be3 Na4 16. O-O Nxc3 17. bxc3 Bxc3 18. Rad1 Bd7 19. Bg5 Be8 20. Bxf6 gxf6 21. Qg4+ Kh8 22. Nf3 Qxc4 23. Qh4 Kg7 24. Rc1 Qb4 25. Rfd1 e5 26. dxe5 Qxh4 27. Nxh4 Rxd1+ 28. Rxd1 fxe5 29. Nf5+ Kf6 30. g4 Ba5 31. h4 Rd8 32. Rb1 b5 33. Be4 Bb6 34. g5+ Ke6 35. Ng7+ Ke7 36. Bxh7 Rd2 37. Nf5+ Ke6 38. Ng7+ Ke7 39. Rf1 Bc5 40. Be4 Bd7 41. h5 Kf8 42. h6 Bg4 43. Nf5 Bxf5 44. Bxf5 Kg8 45. Kg2 Kh8 46. Kf3 Bd4 47. Kg4 Rxf2 48. Rc1 c5 49. Rb1 Rf4+ 50. Kh5 Bf2 51. Rh1 b4 52. g6 fxg6+ 53. Bxg6 c4 54. h7 c3 55. Rd1 Kg7 56. Rd7+ Kf6 57. h8=Q+ 1-0


[Site "https://www.chess.com"]

[Event "Titled Tuesday Blitz May 03 Early 2022"]
[White "Mikhalsky, Vladimir"]
[Black "Kim, Sergey"]
[WhiteFideId "14144352"]
[BlackFideId "13700570"]
[WhiteElo "2301"]
[BlackElo "2553"]
[Result "1-0"]
[Round "11"]
[TimeControl "180+1"]
[Date "2022.05.03"]
[WhiteClock "0:00:12"]
[BlackClock "0:00:03"]

1. d4 Nf6 2. c4 g6 3. Nc3 Bg7 4. e4 d6 5. f3 O-O 6. Be3 Nc6 7. Nge2 a6 8. Rb1 e5 9. d5 Ne7 10. Qd2 c5 11. Nc1 Nd7 12. Be2 f5 13. a3 Nf6 14. Nd3 b5 15. O-O bxc4 16. Ne1 fxe4 17. fxe4 Ng4 18. Bxc4 Nxe3 19. Qxe3 Rxf1+ 20. Bxf1 Kh8 21. Nf3 Ng8 22. Ng5 Qe7 23. Bc4 Bh6 24. h4 Kg7 25. Rf1 Bd7 26. Qg3 Bxg5 27. hxg5 a5 28. Bb5 Bxb5 29. Nxb5 a4 30. Nc3 h6 31. gxh6+ Nxh6 32. Qh3 Nf7 33. Qe6 Qxe6 34. dxe6 Ng5 35. e7 Re8 36. Nxa4 Rxe7 37. Nc3 Rb7 38. Rf2 Ne6 39. Rd2 Nd4 40. Nd5 Rb3 41. Rf2 Rd3 42. a4 Rd1+ 43. Kh2 Ra1 44. Nc3 Ne6 45. g3 Nd4 46. Kh3 g5 47. Kg4 Kg6 48. Rf8 Rg1 49. Rg8+ Kf6 50. Rxg5 Rg2 51. Rh5 Rxb2 52. Rh6+ Ke7 53. Nd5+ Kd7 54. a5 Ra2 55. Rh7+ Kc6 56. Rc7+ Kb5 57. Nc3+ Kxa5 58. Nxa2 Kb6 59. Rc8 Kb7 60. Rd8 Kc7 61. Re8 c4 62. Nc3 Kd7 63. Ra8 Ne6 64. Kf5 Nd4+ 65. Kf6 Kc6 66. g4 Nb5 67. Nxb5 1-0


[Site "https://www.chess.com"]

[Event "Titled Tuesday Blitz May 03 Early 2022"]
[White "Mirzoev, Azer"]
[Black "Tan, Jun Ying"]
[WhiteFideId "13400304"]
[BlackFideId "5710413"]
[WhiteElo "2525"]
[BlackElo "1827"]
[Result "1/2-1/2"]
[Round "11"]
[TimeControl "180+1"]
[Date "2022.05.03"]
[WhiteClock "0:00:11"]
[BlackClock "0:00:17"]

1. c4 c5 2. Nc3 Nc6 3. g3 e5 4. Bg2 d6 5. d3 g6 6. a3 Bg7 7. Rb1 a5 8. Nf3 Nge7 9. Nd2 Be6 10. O-O O-O 11. Nd5 Rb8 12. b3 b5 13. Bb2 Qd7 14. e3 Rfc8 15. Qc2 f6 16. Rfc1 Bf7 17. Ba1 Nxd5 18. cxd5 Ne7 19. e4 f5 20. a4 bxa4 21. bxa4 Rb4 22. Bc3 Rxb1 23. Rxb1 fxe4 24. dxe4 c4 25. Bxa5 Qa7 26. Bc3 Bh6 27. a5 Be8 28. h4 Bd7 29. Rb6 Qc7 30. Qb2 Qc5 31. Rb7 Rc7 32. a6 Bxd2 33. Qxd2 Bb5 34. Rxc7 Qxc7 35. Bh3 Bxa6 36. Be6+ Kg7 37. Qf4 Ng8 38. h5 Qe7 39. hxg6 hxg6 40. Qc1 Nf6 41. f3 Qa7+ 42. Kg2 Qc5 43. g4 Bc8 44. Qa1 Bxe6 45. dxe6 Qc7 46. Qa6 g5 47. Qa8 Qe7 48. Qc8 Ne8 49. Qxc4 Nc7 50. Bd2 Nxe6 51. Qc8 Nf4+ 52. Bxf4 exf4 53. Qf5 Qe5 54. Qd7+ Kf6 55. Qd8+ Qe7 56. Qc8 Qe5 57. Qd8+ Kg6 58. Qg8+ Kf6 59. Qf8+ Kg6 60. Qg8+ Kf6 61. Qh8+ Kg6 62. Qh5+ Kg7 63. Kh3 Qf6 64. Qe8 Qe5 65. Qd7+ Kf6 66. Qd8+ Kg6 67. Qg8+ Kf6 68. Qf8+ Kg6 69. Qg8+ Kf6 70. Qf8+ Kg6 71. Qg8+ 1/2-1/2


[Site "https://www.chess.com"]

[Event "Titled Tuesday Blitz May 03 Early 2022"]
[White "Mohota, Nisha"]
[Black "Mohammadian, Mohammad"]
[WhiteFideId "5004330"]
[BlackFideId "12566055"]
[WhiteElo "2117"]
[BlackElo "1544"]
[Result "1-0"]
[Round "11"]
[TimeControl "180+1"]
[Date "2022.05.03"]
[WhiteClock "0:02:14"]
[BlackClock "0:01:14"]

1. e3 e5 2. c4 c5 3. Nc3 Nf6 4. g3 a6 5. Bg2 Nc6 6. Nge2 Bd6 7. O-O O-O 8. Nd5 Nxd5 9. cxd5 Ne7 10. d4 exd4 11. exd4 cxd4 12. Nxd4 b5 13. Bg5 Bb7 14. Nf5 Bc5 15. Nxe7+ Bxe7 16. Bxe7 Qxe7 17. d6 Qf6 18. Bxb7 Ra7 19. Be4 Qxb2 20. Qc2 Qxc2 21. Bxc2 Re8 22. Rfe1 Rc8 23. Rac1 g6 24. Bb3 Rc6 25. Rxc6 dxc6 26. Re7 Ra8 27. d7 Rf8 28. Re8 c5 29. d8=Q Rxe8 30. Qxe8+ Kg7 31. Qxf7+ 1-0


[Site "https://www.chess.com"]

[Event "Titled Tuesday Blitz May 03 Early 2022"]
[White "Molina, Roberto Junio Brito"]
[Black "Piesik, Piotr"]
[WhiteFideId "2109450"]
[BlackFideId "1136194"]
[WhiteElo "2432"]
[BlackElo "2190"]
[Result "1-0"]
[Round "11"]
[TimeControl "180+1"]
[Date "2022.05.03"]
[WhiteClock "0:00:12"]
[BlackClock "0:00:01"]

1. d4 c5 2. d5 e5 3. e4 d6 4. Be2 Be7 5. Bg4 Nd7 6. Nc3 a6 7. a4 Bg5 8. Bxg5 Qxg5 9. h4 Qd8 10. g3 Ne7 11. Qd2 O-O 12. Be2 f5 13. f3 Nf6 14. Bd3 fxe4 15. fxe4 Bg4 16. Nge2 Nh5 17. O-O-O b5 18. axb5 axb5 19. Bxb5 Ra1+ 20. Nb1 Bxe2 21. Bxe2 Nxg3 22. Rhg1 Nxe4 23. Qe3 Nf6 24. Qg5 Rf7 25. h5 Kh8 26. h6 g6 27. Rdf1 Qf8 28. c4 Nf5 29. Bd3 Qxh6 30. Rxf5 Qxg5+ 31. Rfxg5 Nh5 32. Rf1 Rxf1+ 33. Bxf1 Nf4 34. Rg3 Ra7 35. Kc2 h5 36. Ra3 Rf7 37. Nd2 h4 38. Ra6 h3 39. Bxh3 Nxh3 40. Rxd6 Kg7 41. Ne4 Rf4 42. Rd7+ Kh6 43. Kd3 Rf3+ 44. Ke2 Rb3 45. Nxc5 Nf4+ 46. Kd2 Rxb2+ 47. Kc3 Rb1 48. Ne4 Rc1+ 49. Kb3 g5 50. Re7 g4 51. Rxe5 Nd3 52. Re6+ Kg7 53. d6 Re1 54. Kc3 Nf2 55. d7 Nxe4+ 56. Rxe4 Rxe4 57. d8=Q Kg6 58. Qd7 Kg5 59. Qg7+ Kf4 60. c5 g3 61. c6 Re5 62. Kd4 Re4+ 63. Kd5 Re1 64. Qd4+ 1-0


[Site "https://www.chess.com"]

[Event "Titled Tuesday Blitz May 03 Early 2022"]
[White "Murtazin, Bulat"]
[Black "Thybo, Jesper Sondergaard"]
[WhiteFideId "24151351"]
[BlackFideId "1438832"]
[WhiteElo "2329"]
[BlackElo "2316"]
[Result "1/2-1/2"]
[Round "11"]
[TimeControl "180+1"]
[Date "2022.05.03"]
[WhiteClock "0:00:07"]
[BlackClock "0:00:20"]

1. d4 Nf6 2. c4 c5 3. d5 e6 4. Nc3 exd5 5. cxd5 d6 6. Nf3 g6 7. Bf4 Bg7 8. Qa4+ Bd7 9. Qb3 Qc7 10. e3 O-O 11. Be2 Nh5 12. Bg5 Na6 13. O-O h6 14. Bh4 Rfe8 15. Nd2 Nf6 16. Bg3 Bf5 17. Nb5 Qb6 18. Nc4 Qd8 19. Nbxd6 Rf8 20. Qxb7 Nb4 21. Rfd1 Bc2 22. Rd2 Ne4 23. Nxe4 Bxe4 24. Nd6 Bxd5 25. Rxd5 Rb8 26. Nxf7 Qxd5 27. Qxd5 Nxd5 28. Bxb8 Rxb8 29. Bc4 Bxb2 30. Rd1 Kxf7 31. Rxd5 Kf6 32. Rxc5 Be5 33. g3 Rb7 34. Rc6+ Kg7 35. Bd3 Rb6 36. Rxb6 axb6 37. Kf1 Kf6 38. Be4 g5 39. Ke2 g4 40. Kd3 h5 41. Kc4 Bd6 42. Bg2 Ke5 43. h3 Be7 44. hxg4 hxg4 45. Bf1 Bd6 46. Be2 Kf5 47. Kd5 Bb4 48. Bd3+ Kg5 49. Ke4 Be1 50. f4+ gxf3 51. Kxf3 Bc3 52. Be4 Be1 53. Bc6 Bc3 54. Bd7 Be1 55. g4 Bd2 56. Ke4 Kf6 57. Kd4 Bc1 58. Bf5 Bd2 59. e4 Bf4 60. Kd5 Bg3 61. Kc6 Bf2 62. Kd6 Bg3+ 63. Kd5 Bf4 64. Bc8 Bg3 65. a4 Bf4 66. Bb7 Bg3 67. Bc8 Bf4 68. Kd4 Bg3 69. Ke3 Bh4 70. Kf4 Bg5+ 71. Kf3 Ke5 72. Bb7 Bf6 73. Bc6 Bg5 74. Ke2 Bh6 75. Kd3 Bf4 76. Bd7 Bg5 77. Bf5 Bf4 78. Kc4 Bg5 79. Kb5 Be3 80. Kc6 Kf6 81. Kd7 Bf2 82. Kd6 Be3 83. Kd5 Bf4 84. Kd4 Bg3 85. Kc4 Bh2 86. Kd5 Bg3 87. Kc6 Bf2 88. Kd6 Bg3+ 89. Kd5 Bf4 90. Kd4 Bg3 91. Kd5 Bf4 1/2-1/2


[Site "https://www.chess.com"]

[Event "Titled Tuesday Blitz May 03 Early 2022"]
[White "Murthy, Pappu"]
[Black "Vagman, Roy"]
[WhiteFideId "2013401"]
[BlackFideId "2828995"]
[WhiteElo "2044"]
[BlackElo "1927"]
[Result "1-0"]
[Round "11"]
[TimeControl "180+1"]
[Date "2022.05.03"]
[WhiteClock "0:00:36"]
[BlackClock "0:00:10"]

1. c4 g6 2. Nc3 Bg7 3. e4 c5 4. g3 Nc6 5. Bg2 e6 6. Nge2 Nge7 7. O-O O-O 8. d3 d6 9. Rb1 Rb8 10. a3 a6 11. b4 b5 12. cxb5 axb5 13. Be3 cxb4 14. axb4 d5 15. exd5 exd5 16. d4 Bf5 17. Rb2 Be6 18. Qb3 Nf5 19. Ra2 Nfxd4 20. Nxd4 Nxd4 21. Bxd4 Bxd4 22. Nxd5 Bxd5 23. Bxd5 Rc8 24. Rd1 Qf6 25. Qf3 Qxf3 26. Bxf3 Bc3 27. Rd7 Bxb4 28. Raa7 Bc5 29. Rab7 Rb8 30. Rxf7 Rxf7 31. Rxb8+ Kg7 32. Kg2 b4 33. h4 h5 34. Rb5 Rc7 35. Bd5 Kh6 36. f4 Bd6 37. Kh3 Rc3 38. Kh2 Bc5 39. Rb7 Rc2+ 40. Kh1 Rc1+ 41. Kg2 Rc2+ 42. Kf1 Bf8 43. Bg8 Bg7 44. Rxb4 Rc1+ 45. Kg2 Rc2+ 46. Kh3 Rc1 47. Bf7 Bf6 48. Rb6 Kg7 49. Be6 Rc3 50. Rb7+ Kf8 51. Rf7+ Ke8 52. Rxf6 g5 53. fxg5 Ke7 54. Rh6 Rc6 55. Bf5 Rxh6 56. gxh6 Kf6 57. g4 hxg4+ 58. Kxg4 Kf7 59. Bh7 Kf6 60. Kh5 Kf7 61. Kg5 Ke7 62. Kg6 Ke6 63. Bg8+ Ke7 64. h7 Kf8 65. h8=Q Ke7 66. Qg7+ Kd8 67. h5 Ke8 68. h6 Kd8 69. h7 Ke8 70. h8=Q Kd8 71. Be6# 1-0


[Site "https://www.chess.com"]

[Event "Titled Tuesday Blitz May 03 Early 2022"]
[White "Namitbir Singh Walia"]
[Black "Popadic, Dragan"]
[WhiteFideId "35071068"]
[BlackFideId "913650"]
[WhiteElo "1565"]
[BlackElo "2203"]
[Result "0-1"]
[Round "11"]
[TimeControl "180+1"]
[Date "2022.05.03"]
[WhiteClock "0:01:25"]
[BlackClock "0:01:42"]

1. d4 Nf6 2. c4 g6 3. g3 Bg7 4. Bg2 d6 5. Nf3 O-O 6. O-O Nbd7 7. Nc3 e5 8. e4 exd4 9. Nxd4 Re8 10. h3 a6 11. Re1 Rb8 12. Bg5 h6 13. Be3 Ne5 14. b3 c5 15. Nde2 b5 16. f4 Ned7 17. Qd3 b4 18. Na4 Bb7 19. Qxd6 Nxe4 20. Bxe4 Rxe4 21. Rad1 Rxe3 22. Qxd7 Qxd7 23. Rxd7 Bf3 24. Kf2 Rbe8 25. Rd2 Bc6 26. Rd8 Rf3+ 0-1


[Site "https://www.chess.com"]

[Event "Titled Tuesday Blitz May 03 Early 2022"]
[White "Navalgund, Niranjan"]
[Black "Shyaamnikhil P"]
[WhiteFideId "5030854"]
[BlackFideId "5024218"]
[WhiteElo "2290"]
[BlackElo "2329"]
[Result "1/2-1/2"]
[Round "11"]
[TimeControl "180+1"]
[Date "2022.05.03"]
[WhiteClock "0:00:19"]
[BlackClock "0:00:06"]

1. e4 c5 2. d4 cxd4 3. c3 Nf6 4. e5 Nd5 5. Nf3 e6 6. Bc4 Nb6 7. Bb3 d6 8. cxd4 dxe5 9. Nxe5 Nc6 10. O-O Qxd4 11. Nxc6 Qxd1 12. Bxd1 bxc6 13. Bf3 Nd5 14. Nc3 Ba6 15. Rd1 Rb8 16. Nxd5 cxd5 17. Bf4 Rc8 18. Rac1 Bc5 19. b4 Bxb4 20. Rxc8+ Bxc8 21. Rc1 O-O 22. Rc7 a5 23. Be2 e5 24. Bxe5 Be6 25. Bb5 Rc8 26. Rxc8+ Bxc8 27. Bd4 f6 28. f3 Kf7 29. Kf2 Ke6 30. Ke3 Bd7 31. Bd3 g6 32. g4 a4 33. f4 f5 34. h3 fxg4 35. hxg4 Kf7 36. g5 Bd6 37. Bc2 a3 38. Bb3 Ke6 39. Bc2 Bb5 40. Bb1 Bc4 41. Kf3 Kd7 42. f5 Ke7 43. fxg6 hxg6 44. Bxg6 Bxa2 45. Bh7 Bb3 46. Bd3 Bc4 47. Bf5 Bb5 48. g6 Be8 49. g7 Bf7 50. Bh7 a2 51. g8=Q Bxg8 52. Bxg8 Kd7 53. Bxd5 Kc7 54. Bxa2 Kd7 55. Ke4 Ke7 56. Kd5 Bg3 57. Bc4 Kd7 58. Bc5 Kc7 59. Bb5 Bh2 60. Bc6 Bg3 61. Bb4 Kb6 62. Bc3 Bh2 63. Bd4+ Kc7 64. Kc5 Bd6+ 65. Kb5 Bh2 66. Bc5 Bg3 67. Bb4 Bh2 68. Kc5 Bd6+ 69. Kb5 Bxb4 1/2-1/2


[Site "https://www.chess.com"]

[Event "Titled Tuesday Blitz May 03 Early 2022"]
[White "Oganian, Miran"]
[Black "Demchenko, Anton"]
[WhiteFideId "4122488"]
[BlackFideId "4160258"]
[WhiteElo "2357"]
[BlackElo "2539"]
[Result "1-0"]
[Round "11"]
[TimeControl "180+1"]
[Date "2022.05.03"]
[WhiteClock "0:00:25"]
[BlackClock "0:00:07"]

1. e4 e5 2. Nf3 Nc6 3. Nc3 Nf6 4. d4 exd4 5. Nxd4 Bb4 6. Nxc6 bxc6 7. Bd3 O-O 8. O-O Re8 9. Qf3 Bd6 10. h3 Rb8 11. Ne2 Qe7 12. Ng3 Qe5 13. Re1 c5 14. Bd2 Rxb2 15. Bc4 Rxc2 16. Bxf7+ Kh8 17. Bxe8 Rxd2 18. Bf7 g6 19. Bc4 Bb7 20. Rab1 Bc6 21. Qe3 Rc2 22. Rb8+ Kg7 23. Nf5+ Qxf5 24. exf5 Rxc4 25. fxg6 hxg6 26. Rbb1 Re4 27. Qc3 Rf4 28. Rbd1 Rf5 29. Qe3 c4 30. Rxd6 cxd6 31. Qe7+ Kh6 32. Qf8+ Kg5 33. g3 Rd5 34. f4+ Kf5 35. g4+ Kxf4 36. Qxf6+ 1-0


[Site "https://www.chess.com"]

[Event "Titled Tuesday Blitz May 03 Early 2022"]
[White "Omariev, Maksim"]
[Black "Aldokhin, Ivan"]
[WhiteFideId "4193423"]
[BlackFideId "24115720"]
[WhiteElo "2534"]
[BlackElo "2231"]
[Result "0-1"]
[Round "11"]
[TimeControl "180+1"]
[Date "2022.05.03"]
[WhiteClock "0:00:02"]
[BlackClock "0:00:32"]

1. g4 d6 2. Bg2 Nc6 3. h3 h5 4. g5 e5 5. h4 Nge7 6. c4 Ng6 7. d3 Be7 8. Nc3 f6 9. Nf3 Bg4 10. gxf6 Bxf6 11. Ng5 Nxh4 12. Bxc6+ bxc6 13. Nce4 Ng2+ 14. Kf1 Nf4 15. Bxf4 exf4 16. Nxf6+ Qxf6 17. Ne4 Qxb2 18. f3 Bf5 19. Kg2 Bxe4 20. fxe4 f3+ 21. Kxf3 O-O+ 22. Ke3 Qe5 23. Qg1 c5 24. Rf1 Rab8 25. Rxf8+ Rxf8 26. Qh2 Qg5+ 0-1


[Site "https://www.chess.com"]

[Event "Titled Tuesday Blitz May 03 Early 2022"]
[White "Oparin, Grigoriy"]
[Black "Andreikin, Dmitry"]
[WhiteFideId "24125890"]
[BlackFideId "4158814"]
[WhiteElo "2665"]
[BlackElo "2736"]
[Result "0-1"]
[Round "11"]
[TimeControl "180+1"]
[Date "2022.05.03"]
[WhiteClock "0:00:03"]
[BlackClock "0:00:13"]

1. d4 d5 2. c4 e6 3. Nf3 Nf6 4. g3 Bb4+ 5. Bd2 Be7 6. Bg2 O-O 7. O-O Nbd7 8. Bc3 c6 9. Nbd2 b6 10. b4 Bb7 11. Qb3 Rb8 12. e3 c5 13. dxc5 bxc5 14. b5 Nb6 15. Ne5 dxc4 16. Ndxc4 Bxg2 17. Kxg2 Nxc4 18. Nxc4 Ne4 19. Rad1 Qc8 20. a4 a6 21. b6 Qc6 22. f3 Nxc3 23. Qxc3 Qxa4 24. Ra1 Qb5 25. Ra5 Qb4 26. Qc2 Rxb6 27. Ra2 Rbb8 28. Rb2 Qxc4 29. Qxc4 Rxb2+ 30. Kh3 Rd8 31. Qxa6 h5 32. Qa7 Rdd2 33. Rh1 Bf8 34. Qc7 g6 35. e4 Bd6 36. Qc8+ Kg7 37. f4 Rbc2 38. e5 Bf8 39. Qc6 c4 40. Qf3 c3 41. Qe3 Re2 42. Qd4 Red2 43. Qe3 Bb4 44. Qb6 Rb2 45. f5 gxf5 46. Qe3 Kg6 47. Qb6 Bf8 48. Qc7 Rbc2 49. Qc4 Be7 50. Qc8 Kg7 51. Qc7 Bg5 52. Qc4 Be3 53. Qh4 Rb2 54. Qf6+ Kg8 0-1


[Site "https://www.chess.com"]

[Event "Titled Tuesday Blitz May 03 Early 2022"]
[White "Osmak, Yuliia"]
[Black "Rabineau, Clement"]
[WhiteFideId "14101602"]
[BlackFideId "628891"]
[WhiteElo "2302"]
[BlackElo "2237"]
[Result "1-0"]
[Round "11"]
[TimeControl "180+1"]
[Date "2022.05.03"]
[WhiteClock "0:01:40"]
[BlackClock "0:00:07"]

1. c4 b6 2. e4 Bb7 3. Nc3 c5 4. f3 Nc6 5. Nge2 g6 6. d4 cxd4 7. Nxd4 Bg7 8. Be3 Nf6 9. Be2 O-O 10. O-O Rc8 11. Rc1 e6 12. Ncb5 Nxd4 13. Bxd4 d5 14. cxd5 Rxc1 15. Qxc1 exd5 16. e5 Nd7 17. f4 Nc5 18. Bxc5 bxc5 19. Qxc5 d4 20. Qxd4 f6 21. Bc4+ Kh8 22. Qxd8 Rxd8 23. Nd6 Bc6 24. Nf7+ 1-0


[Site "https://www.chess.com"]

[Event "Titled Tuesday Blitz May 03 Early 2022"]
[White "Ovezdurdyyeva, Jemal"]
[Black "Begunov, Konstantin"]
[WhiteFideId "14001888"]
[BlackFideId "4118510"]
[WhiteElo "1946"]
[BlackElo "2262"]
[Result "1-0"]
[Round "11"]
[TimeControl "180+1"]
[Date "2022.05.03"]
[WhiteClock "0:01:06"]
[BlackClock "0:00:07"]

1. e4 c5 2. Nf3 d6 3. d4 cxd4 4. Nxd4 Nf6 5. Nc3 a6 6. Bc4 e6 7. O-O Nbd7 8. Qe2 Nc5 9. a3 b5 10. Ba2 Bb7 11. f3 Be7 12. b4 Ncd7 13. Bxe6 fxe6 14. Nxe6 Qc8 15. Nxg7+ Kf7 16. Nf5 Qxc3 17. Bg5 Rac8 18. Rad1 Qxc2 19. Rd2 Qc4 20. Qf2 Qe6 21. Rfd1 Rc6 22. Nd4 Qe5 23. Nxc6 Bxc6 24. Qe3 Rg8 25. Bf4 Qe6 26. Bxd6 Bxd6 27. Rxd6 Qh3 28. Qb3+ Bd5 29. Qb2 Be6 30. e5 Nh5 31. Qd2 Nf8 32. Rxa6 Qf5 33. Ra7+ Kg6 34. g4 Qxe5 35. gxh5+ Kxh5+ 36. Kh1 Ng6 37. Rxh7# 1-0


[Site "https://www.chess.com"]

[Event "Titled Tuesday Blitz May 03 Early 2022"]
[White "Paravyan, David"]
[Black "Erdogdu, Mert"]
[WhiteFideId "4194985"]
[BlackFideId "6301495"]
[WhiteElo "2569"]
[BlackElo "2485"]
[Result "1-0"]
[Round "11"]
[TimeControl "180+1"]
[Date "2022.05.03"]
[WhiteClock "0:00:59"]
[BlackClock "0:00:14"]

1. e4 c5 2. Nf3 d6 3. d4 cxd4 4. Nxd4 Nf6 5. Nc3 a6 6. Bg5 e6 7. f4 Qb6 8. Qd2 Nc6 9. Nxc6 bxc6 10. O-O-O Rb8 11. b3 d5 12. Bxf6 gxf6 13. exd5 cxd5 14. Kb1 Bh6 15. g4 O-O 16. h4 Qb4 17. g5 Bg7 18. Bd3 f5 19. Ne2 Qa3 20. c3 a5 21. h5 a4 22. h6 Bh8 23. Qb2 Qxb2+ 24. Kxb2 Bd7 25. Nd4 Rfc8 26. Ba6 Rc7 27. b4 Kf8 28. a3 Ke7 29. Rhe1 Kd8 30. Re3 Rb6 31. Be2 Be8 32. Nf3 Bb5 33. Bxb5 Rxb5 34. Ne5 Bxe5 35. Rxe5 Rc4 36. Rd4 Rxd4 37. cxd4 Kd7 38. Re3 Rb6 39. Rc3 Rc6 40. Rc5 Rxc5 41. dxc5 Kc6 42. Kc3 Kc7 43. b5 e5 44. fxe5 f4 45. Kd3 Kd7 46. c6+ Kc7 47. e6 fxe6 48. g6 hxg6 49. h7 1-0


[Site "https://www.chess.com"]

[Event "Titled Tuesday Blitz May 03 Early 2022"]
[White "Perez Gormaz, Matias"]
[Black "Melian, Juan Sebastian"]
[WhiteFideId "3406342"]
[BlackFideId "3706575"]
[WhiteElo "2322"]
[BlackElo "1842"]
[Result "0-1"]
[Round "11"]
[TimeControl "180+1"]
[Date "2022.05.03"]
[WhiteClock "0:00:05"]
[BlackClock "0:00:07"]

1. a3 d5 2. b4 c6 3. Bb2 Nf6 4. d3 Bf5 5. Nd2 e6 6. g3 h6 7. Bg2 Be7 8. e4 Bh7 9. Nh3 a5 10. c3 axb4 11. axb4 Rxa1 12. Qxa1 d4 13. O-O dxc3 14. Bxc3 O-O 15. Nf4 g5 16. Ne2 Qxd3 17. Nc1 Qd8 18. Ncb3 Nbd7 19. Rd1 Qc7 20. Qa7 Rb8 21. Ra1 Nb6 22. Nc5 Ne8 23. Qa2 Ra8 24. Qb2 Rxa1+ 25. Qxa1 Nd7 26. Nd3 Bf6 27. Bxf6 Nexf6 28. h3 Qd6 29. Qc3 e5 30. Nc4 Qe6 31. f3 Nh5 32. Kf2 f6 33. Bf1 Bg6 34. Na5 Bf7 35. Nxb7 Ng7 36. Nb2 Qe7 37. Bc4 Ne6 38. Bxe6 Qxe6 39. Na5 c5 40. bxc5 Qa2 41. Ke3 Nxc5 42. Qxc5 Qxb2 43. Nc6 Qb3+ 44. Kf2 Qa2+ 45. Kg1 Qa1+ 46. Kg2 Qa2+ 47. Qf2 Qxf2+ 48. Kxf2 Be6 49. g4 Kg7 50. Ke3 Kf7 51. Nd8+ Ke7 52. Nc6+ Kd6 53. Nb4 Bc4 54. Nc2 Bf1 55. Kf2 Bc4 56. Ne3 Be6 57. Ke2 Kc5 58. Kd3 Kb4 59. Nd5+ Bxd5 60. exd5 Kc5 61. Ke4 Kd6 62. Kf5 Kxd5 63. Kxf6 Kd4 64. Kf5 Ke3 65. Kxe5 Kxf3 66. Kf5 Kg3 67. Kg6 Kxh3 68. Kh5 Kg3 69. Kxh6 Kxg4 0-1


[Site "https://www.chess.com"]